 Dungeon Crawl Stone Soup version 0.26-a0-667-g92642533e4 (webtiles) character file.

Game seed: 732969245629837544

13133 Conn the Thaumaturge (level 12, -29/72 HPs)
             Began as an Octopode Venom Mage on Oct 15, 2020.
             Was a Priest of Vehumet.
             Annihilated by an enormous slime creature (43 damage)
             ... on level 12 of the Dungeon on Oct 17, 2020.
             The game lasted 01:31:44 (14458 turns).

Conn the Thaumaturge (Octopode Venom Mage)         Turns: 14458, Time: 01:31:45

Health: -29/72     AC:  1    Str:  9    XL:     12   Next: 2%
Magic:  27/37      EV: 15    Int: 21    God:    Vehumet [***...]
Gold:   92         SH:  0    Dex: 12    Spells: 10/35 levels left

rFire    . . .     SeeInvis .   w - +8 triple sword of Peril {vorpal, rN+}
rCold    . . .     Faith    .   (shield currently unavailable)
rNeg     + + .     Spirit   .   (helmet restricted)
rPois    +         Reflect  .   v - amulet of the acrobat
rElec    .         Harm     .   A - ring of poison resistance
rCorr    .         Rampage  .   C - ring of flight
MR       .....                  F - ring of wizardry
Stlth    ++++......             I - ring of magical power
HPRegen  0.22/turn              M - ring of positive energy
MPRegen  0.25/turn              (no ring)
                                (no ring)
                                (no ring)

@: no status effects
A: almost no armour, stealthy swim, amphibious, 8 rings, constrict 8, camouflage
1, mutation resistance 1, gelatinous body 1
a: Renounce Religion, Evoke Flight


You were on level 12 of the Dungeon.
You worshipped Vehumet.
Vehumet was most pleased with you.
You visited 2 branches of the dungeon, and saw 14 of its levels.
You visited 1 bazaar.
You also visited: Sewer.

You collected 858 gold pieces.
You spent 766 gold pieces at shops.

Inventory:

Hand Weapons
 a - a +1 dagger
 c - a +3 scimitar of flaming
 u - the +1 short sword "Aggen" {drain, +Inv Int-2 Dex+6 Stlth-}
   (You bought it in a shop in a bazaar)

   A truly terrible weapon, it drains the life of those it strikes.
   It affects your intelligence (-2).
   It affects your dexterity (+6).
   It lets you turn invisible.
   It makes you less stealthy.
 w - the +8 triple sword of Peril (weapon) {vorpal, rN+}
   (You bought it in a shop in a bazaar)

   It inflicts extra damage upon your enemies.
   It protects you from negative energy.
Missiles
 h - 141 sling bullets
 n - 54 poisoned darts (quivered)
 E - a throwing net
Magical Staves
 b - an uncursed staff of air
Jewellery
 q - an uncursed amulet of regeneration
 v - an amulet of the acrobat (around mantle)
 z - an uncursed ring of ice {unknown}
 A - a ring of poison resistance (left tentacle)
 C - a ring of flight (right tentacle)
 F - a ring of wizardry (on tentacle)
 I - a ring of magical power (on tentacle)
 M - a ring of positive energy (on tentacle)
Wands
 B - a wand of iceblast (13)
 D - a wand of enslavement (7)
 K - a wand of disintegration (15)
 L - a wand of paralysis (16)
Scrolls
 e - 2 scrolls of magic mapping
 j - 2 scrolls of identify
 k - a scroll of noise {unknown}
 l - 3 scrolls of teleportation
 o - 5 scrolls of remove curse
 p - 2 scrolls of amnesia
 r - a scroll of enchant armour
 y - 3 scrolls of enchant weapon
 H - 2 scrolls of fear
Potions
 d - a potion of mutation
 f - 5 potions of haste
 g - 2 potions of flight
 i - a potion of resistance
 m - a potion of magic
 s - a potion of might
 t - 2 potions of cancellation
 G - a potion of heal wounds
 J - a potion of lignification
 N - a potion of brilliance {unknown}


   Skills:
 + Level 3.2 Fighting
 + Level 3.2(3.3) Short Blades
 + Level 0.5(2.1) Long Blades
   Level 1.1 Polearms
 + Level 4.4 Dodging
 - Level 6.1 Stealth
 * Level 12.0 Spellcasting
 + Level 5.5 Conjurations
 + Level 0.3 Hexes
 + Level 1.7 Summonings
 - Level 3.0 Transmutations
 + Level 4.3 Fire Magic
 + Level 5.1 Ice Magic
 + Level 4.6 Air Magic
 - Level 5.4 Poison Magic
 + Level 0.4 Evocations


You had 10 spell levels left.
You knew the following spells:

 Your Spells              Type           Power        Failure   Level
a - Sting                 Tmut/Pois      ####         1%          1
b - Ignite Poison         Fire/Tmut/Pois ####....     1%          3
c - Mephitic Cloud        Conj/Pois/Air  ####....     1%          3
d - Hailstorm             Conj/Ice       ####....     1%          4
e - Summon Ice Beast      Ice/Summ       ####....     5%          4
f - Shock                 Conj/Air       ####         1%          1
g - Corona                Hex            ##.....      1%          1
h - Inner Flame           Hex/Fire       ###.....     1%          3
i - Freeze                Ice            ####         1%          1
j - Frozen Ramparts       Ice            ####..       1%          3
k - Foxfire               Conj/Fire      ####         1%          1

Your spell library contained the following spells:

 Spells                   Type           Power        Failure   Level
 Fulminant Prism          Conj/Hex       ###.......   1%          4
 Poisonous Vapours        Pois/Air       ####..       1%          2
 Ozocubu's Armour         Ice            ####....     1%          3
 Olgreb's Toxic Radiance  Pois           #####...     1%          4
 Slow                     Hex            ##......     2%          2
 Portal Projectile        Hex/Tloc       ##....       6%          3
 Cause Fear               Hex            ##........   17%         4
 Leda's Liquefaction      Hex/Erth       ##........   19%         4


Dungeon Overview and Level Annotations

Branches:
Dungeon (13/15)            Temple (1/1) D:6            Lair (0/6) D:10
  Sewer (visited)
    Orc: D:9-12      Vaults: D:13-14

Altars:
Cheibriados
Elyvilon
Gozag
Makhleb
Nemelex Xobeh
Qazlal
Trog
Vehumet
Yredelemnul

Shops:
D:10 }   D:12 (

Portals:
Ice
Cave: D:11


Innate Abilities, Weirdness & Mutations

You cannot wear most types of armour.
You are very stealthy in the water. (Stealth+)
You are amphibious.
You can wear up to eight rings at the same time.
You can use your tentacles to constrict eight enemies at once.
Your skin changes colour to match your surroundings (Stealth+).
Your rubbery body absorbs attacks. (AC +1, EV +1)
You are somewhat resistant to further mutation.


Message History

Aiming: Sting (safe; 1% risk of failure)
Press: ? - help, Shift-Dir - straight line, f/p - troll
Aim: a troll (moderately wounded, confused, poisoned)
The sting hits the troll.
The troll looks even sicker.
The troll is heavily wounded.
The troll seems less confused.
Casting: Sting (safe; 1% risk of failure)
Confirm with . or Enter, or press ? or * to list all spells.
You ignite the poison in your surroundings!
The troll seems to burn from within!!
You kill the troll!
Vehumet accepts your kill.
The troll leather armour is intact enough to wear.
Your Spellcasting skill increases to level 12!
Things that are here:
a +0 troll leather armour; a troll corpse
There is a stone staircase leading up here.
You climb upwards.
The enormous slime creature hits you!!!
Ouch! That really hurt!
You die...

### #..
#############.#
#.............#
#.......... #.#
#.####..... ########.#
#.# #.####
#....@o#.###.## #.###.
#.....Jo......###.##..
#..###................
#..# ###.###..###.##..
#..# #......# #.###.
#..# #.####.# ## #..#
#......# .... #.J#
#.####.######## ##.#
#.# #...)[.#


You could see an enormous slime creature, an orc priest and an orc.

Vanquished Creatures
  Frances (D:12)
  Harold (D:7)
  Erica (D:10)
  A two-headed ogre (D:12)
  2 ugly things (D:12)
  A centaur zombie (D:12)
  Maggie (D:7)
  An efreet (D:12)
  4 trolls
  The ghost of hemabe71 the Charlatan, an amateur HuAr (D:3)
  A hornet (D:12)
  A wyvern (D:10)
  7 yaks
  2 basilisks (D:10)
  Menkaure (D:7)
  4 water moccasins
  3 orc warriors
  2 sky beasts
  A necrophage (D:9)
  3 ice beasts
  2 black bears (D:10)
  A phantom (D:5)
  A wolf (D:10)
  5 ogres
  5 centaurs
  2 big kobolds
  3 bullfrogs
  2 scorpions
  A howler monkey (D:5)
  2 jellies
  A bullfrog zombie (D:10)
  3 hounds
  5 orc priests
  7 orc wizards
  3 centaur skeletons
  Terence (D:3)
  3 iguanas
  6 worker ants
  A hound zombie (D:7)
  A howler monkey zombie (D:5)
  4 gnolls (D:3)
  2 howler monkey skeletons
  2 river rats (Sewer)
  13 adders
  2 shadow imps (D:6)
  2 white imps
  2 ufetubi
  An ooze (D:2)
  2 worms (D:2)
  A dart slug (D:1)
  5 leopard geckos
  29 orcs
  4 giant cockroaches
  9 goblins
  4 hobgoblins
  3 jackals
  4 quokkas
  A ball python (D:1)
  6 bats
  A jackal zombie (D:5)
  7 kobolds
  A leopard gecko skeleton (D:4)
  7 rats
206 creatures vanquished.

Vanquished Creatures (collateral kills)
  Snorg (D:10)
  An unseen horror (D:10)
  A wyvern (D:10)
  2 yaks (D:10)
  A water moccasin (D:10)
  A black bear (D:10)
  A scorpion (D:10)
  A bullfrog skeleton (D:11)
  A jelly (D:11)
  An orc wizard (D:9)
  An adder (D:11)
  An orc (D:9)
13 creatures vanquished.

Vanquished Creatures (others)
  82 foxfires
  13 plants (D:10)
95 creatures vanquished.

Grand Total: 314 creatures vanquished

Notes
Turn   | Place    | Note
-------+----------+-------------------------------------------
     0 | D:1      | Conn the Octopode Venom Mage began the quest for the Orb.
     0 | D:1      | Reached XP level 1. HP: 11/11 MP: 3/3
   202 | D:1      | Reached XP level 2. HP: 17/17 MP: 1/5
   760 | D:2      | Found a snail-covered altar of Cheibriados.
   876 | D:2      | Reached XP level 3. HP: 15/21 MP: 2/6
  1451 | D:2      | Reached XP level 4. HP: 27/27 MP: 4/8
  1721 | D:3      | Reached skill level 3 in Spellcasting
  2316 | D:3      | Reached XP level 5. HP: 31/31 MP: 4/9
  2376 | D:3      | Learned a level 3 spell: Ignite Poison
  2380 | D:3      | Learned a level 3 spell: Mephitic Cloud
  2499 | D:3      | Found a radiant altar of Vehumet.
  2499 | D:3      | Found a stormy altar of Qazlal.
  2517 | D:3      | Became a worshipper of Vehumet
  2557 | D:3      | Found a large runed translucent door.
  2557 | D:3      | Found a large runed translucent door.
  2561 | D:3      | Noticed hemabe71's ghost (amateur HuAr)
  2576 | D:3      | Learned a level 2 spell: Poisonous Vapours
  2879 | D:4      | Noticed an ogre
  2912 | D:4      | Killed an ogre
  2912 | D:4      | Reached skill level 5 in Poison Magic
  2912 | D:4      | Reached XP level 6. HP: 36/36 MP: 9/11
  3046 | D:4      | Reached skill level 1 in Conjurations
  3046 | D:4      | Reached skill level 1 in Fire Magic
  3046 | D:4      | Reached skill level 1 in Air Magic
  3185 | D:4      | Found an opulent altar of Gozag.
  3245 | D:4      | Reached skill level 4 in Spellcasting
  3245 | D:4      | Reached XP level 7. HP: 32/41 MP: 9/13
  3656 | D:4      | Learned a level 4 spell: Olgreb's Toxic Radiance
  3684 | D:5      | Entered Level 5 of the Dungeon
  3760 | D:5      | Found a glowing drain.
  3800 | Sewer    | Entered a sewer
  3900 | Sewer    | Reached * piety under Vehumet
  3900 | Sewer    | Offered knowledge of Shock by Vehumet.
  3983 | Sewer    | Found a white marble altar of Elyvilon.
  4395 | D:5      | Reached XP level 8. HP: 19/47 MP: 12/15
  4623 | D:4      | Learned a level 1 spell: Shock
  4723 | D:5      | Reached skill level 5 in Spellcasting
  5194 | D:6      | Reached skill level 5 in Stealth
  5676 | D:6      | Found a staircase to the Ecumenical Temple.
  5682 | Temple   | Entered the Ecumenical Temple
  5952 | D:6      | Reached skill level 1 in Short Blades
  5959 | D:6      | Reached skill level 6 in Spellcasting
  5964 | D:6      | Reached skill level 1 in Fighting
  6141 | D:6      | Reached XP level 9. HP: 8/53 MP: 11/18
  6302 | D:6      | Found a burning altar of Makhleb.
  6314 | D:6      | Learned a level 1 spell: Corona
  6318 | D:6      | Learned a level 3 spell: Inner Flame
  6486 | D:7      | Noticed Harold
  6502 | D:7      | Noticed Menkaure
  6507 | D:7      | Killed Menkaure
  6508 | D:7      | Killed Harold
  6508 | D:7      | Reached skill level 7 in Spellcasting
  7033 | D:7      | Learned a level 1 spell: Freeze
  7037 | D:7      | Learned a level 3 spell: Frozen Ramparts
  7124 | D:7      | Noticed Maggie
  7144 | D:7      | Killed Maggie
  7144 | D:7      | Reached skill level 1 in Ice Magic
  7288 | D:7      | Found a basalt altar of Yredelemnul.
  7516 | D:8      | Reached ** piety under Vehumet
  7516 | D:8      | Offered knowledge of Foxfire by Vehumet.
  7523 | D:8      | Reached skill level 8 in Spellcasting
  7528 | D:8      | Learned a level 1 spell: Foxfire
  8152 | D:8      | Found a white marble altar of Elyvilon.
  8770 | D:3      | Noticed Terence
  8781 | D:3      | Killed Terence
  9027 | D:3      | Killed hemabe71's ghost
  9027 | D:3      | Reached XP level 10. HP: 39/60 MP: 22/22
  9311 | D:9      | Found a sparkling altar of Nemelex Xobeh.
  9467 | D:9      | Found a bloodstained altar of Trog.
  9583 | D:9      | HP: 3/60 [centaur warrior skeleton (2)]
 10143 | D:9      | Learned a level 4 spell: Hailstorm
 10149 | D:9      | Learned a level 4 spell: Summon Ice Beast
 10511 | D:10     | Entered Level 10 of the Dungeon
 11314 | D:10     | Reached skill level 9 in Spellcasting
 11486 | D:10     | Noticed Erica
 11495 | D:10     | Gained mutation: You are somewhat resistant to further
                  | mutation. [potion of mutation]
 11520 | D:10     | Killed Erica
 12006 | D:10     | Found the +10 tower shield of Ignorance {rN+ Int-4}
 12037 | D:10     | Found a staircase to the Lair.
 12056 | D:10     | Reached skill level 10 in Spellcasting
 12056 | D:10     | Reached XP level 11. HP: 42/66 MP: 25/25
 12229 | D:10     | Found Sibrin's Gadget Shop.
 12245 | D:10     | Noticed an unseen horror
 12253 | D:10     | Killed an unseen horror
 12253 | D:10     | Reached skill level 1 in Summonings
 12411 | D:10     | Offered knowledge of Conjure Flame by Vehumet.
 12666 | D:10     | Noticed Snorg
 12697 | D:10     | Killed Snorg
 12697 | D:10     | Reached skill level 5 in Conjurations
 12983 | D:11     | Found a frozen archway.
 13008 | D:11     | Found a flickering gateway to a bazaar.
 13017 | Bazaar   | Entered a bazaar
 13017 | Bazaar   | Found Hiraus's Antique Weapon Shop.
 13023 | Bazaar   | Found Xahoq's Assorted Antiques.
 13034 | Bazaar   | Found Mutui's General Store.
 13069 | Bazaar   | Found Keer's Magic Scroll Emporium.
 13096 | Bazaar   | Bought a shimmering short sword for 144 gold pieces
 13096 | Bazaar   | Bought a glimmering triple sword for 270 gold pieces
 13096 | Bazaar   | Bought an ancient scythe for 144 gold pieces
 13097 | Bazaar   | Identified the cursed +1 short sword "Aggen" {drain, +Inv
                  | Int-2 Dex+6 Stlth-} (You bought it in a shop in a bazaar)
 13099 | Bazaar   | Identified the +8 triple sword of Peril {vorpal, rN+} (You
                  | bought it in a shop in a bazaar)
 13100 | Bazaar   | Identified the cursed +3 scythe of Dishonour {flame,
                  | Fragile Int+4 Stlth+} (You bought it in a shop in a bazaar)
 13108 | Bazaar   | Bought an onyx ring for 110 gold pieces
 13118 | Bazaar   | Bought a potion of heal wounds for 60 gold pieces
 13153 | Bazaar   | Bought a scroll of fear for 38 gold pieces
 13349 | D:11     | You fall into a shaft and drop 1 floor!
 13353 | D:12     | Reached *** piety under Vehumet
 13372 | D:12     | Reached skill level 11 in Spellcasting
 13632 | D:12     | Noticed Frances
 13647 | D:12     | Killed Frances
 13647 | D:12     | Reached skill level 5 in Ice Magic
 13860 | D:12     | Noticed a two-headed ogre
 13889 | D:12     | Killed a two-headed ogre
 13889 | D:12     | Reached skill level 1 in Polearms
 14007 | D:12     | Noticed a brown ugly thing
 14014 | D:12     | Noticed a brown ugly thing
 14024 | D:12     | Killed a brown ugly thing
 14029 | D:12     | Killed a red ugly thing
 14333 | D:12     | Found Koyn's Weapon Shoppe.
 14431 | D:13     | Upgraded the game from 0.26-a0-665-gefeb406119 to
                  | 0.26-a0-667-g92642533e4
 14432 | D:13     | Offered knowledge of Fulminant Prism by Vehumet.
 14432 | D:13     | Reached XP level 12. HP: 24/72 MP: 25/27
 14439 | D:13     | Reached skill level 12 in Spellcasting
 14458 | D:12     | Annihilated by an enormous slime creature

Illustrated notes

Levels and vault maps discovered:
D:1:      minmay_arrival_wavy_path, layout_basic, due_unseen_surprise
D:2:      layout_basic, cheibriados_altar_1
D:3:      layout_basic, chequers_temple_overflow_statue_of_worship,
          ebering_ghost_disaster_area, kennysheep_generic_room_15, uniq_terence
D:4:      minmay_general_purpose_star, layout_loops_cross,
          lemuel_coloured_pillars_altar
D:5:      layout_rooms, gup_sewer_entry_pipe, grunt_decor_cap
D:6:      layout_basic, bloody_makhleb, minmay_temple_entry_fiery
D:7:      layout_basic, yredelemnul_altar_generic, uniq_menkaure, uniq_maggie,
          uniq_harold
D:8:      layout_basic, kennysheep_mini_moat, minmay_stone_trees_medium
D:9:      layout_loops_ring, kennysheep_little_box, old_standard_altar
D:10:     layout_cross, minmay_lair_entry_grove, serial_shops, shop, uniq_erica,
          uniq_snorg
D:11:     layout_basic, portal_ice_cave_entry_pillars_1, serial_shops,
          bzr_firewalk, chequers_serial_rivers_micro_e,
          kennysheep_generic_room_11
D:12:     layout_loops_ring, orc_0_dummy, serial_shops, shop_statue,
          uniq_frances
D:13:     cheibrodos_ideogram_h, layout_irregular_city, erik_vaults_2,
          serial_shops, shop, nicolae_shop_temple_entry_statues_fountains,
          kennysheep_mini, minivault_11
Temple:   oiseaux_autumnal_temple

Skill      XL: |  1  2  3  4  5  6  7  8  9 10 11 12 |
---------------+-------------------------------------+-----
Poison Magic   | 4 5 |  5.4
Stealth        | 3 4 5 6 |  6.1
Spellcasting   | 3 4 6 8 10 11 12 | 12.0
Transmutations | 2 3 |  3.0
Conjurations   | 1 2 3 4 5 |  5.5
Fire Magic     | 1 2 3 4 |  4.3
Air Magic      | 1 2 3 4 |  4.6
Short Blades   | 1 2 3 |  3.2
Fighting       | 1 2 3 |  3.2
Dodging        | 3 4 |  4.4
Ice Magic      | 2 4 5 |  5.1
Summonings     | 1 |  1.7
Polearms       | 1 |  1.1
Long Blades    | |  0.5
Hexes          | |  0.3
Evocations     | |  0.4

Action                   |  1- 3 |  4- 6 |  7- 9 | 10-12 || total
-------------------------+-------+-------+-------+-------++-------
Melee: Unarmed           |     3 |       |       |       ||     3
       Dagger            |     9 |    30 |   191 |    87 ||   317
       Constrict         |     5 |     5 |    36 |    29 ||    75
       Tentacles         |     4 |     5 |    33 |    18 ||    60
       Scythe            |       |       |       |    19 ||    19
       Triple sword      |       |       |       |     9 ||     9
Throw: Dart              |       |       |     1 |       ||     1
 Cast: Sting             |    35 |    54 |   104 |    59 ||   252
       Mephitic Cloud    |       |       |    19 |    64 ||    83
       Shock             |       |       |    22 |    11 ||    33
       Poisonous Vapours |       |       |     4 |       ||     4
       Ignite Poison     |       |       |     7 |    21 ||    28
       Olgreb's Toxic Ra |       |       |     7 |       ||     7
       Foxfire           |       |       |    23 |    31 ||    54
       Frozen Ramparts   |       |       |     3 |    11 ||    14
       Summon Ice Beast  |       |       |       |    15 ||    15
       Hailstorm         |       |       |       |     6 ||     6
       Corona            |       |       |       |     3 ||     3
       Freeze            |       |       |       |     1 ||     1
Evoke: Wand              |       |       |       |     7 ||     7
  Use: Potion            |       |       |     3 |    17 ||    20
       Scroll            |       |       |       |    17 ||    17
 Stab: Sleeping          |     3 |     4 |     4 |     1 ||    12
       Confused          |       |       |     7 |     6 ||    13
       Paralysed         |       |       |       |     3 ||     3
       Distracted        |       |       |       |     1 ||     1
Armor: Skin              |     2 |     4 |    11 |     5 ||    22
Dodge: Dodged            |    24 |    40 |   162 |   159 ||   385
       Rpst.: Triple sword |       |       |       |     2 ||     2

Table legend: (Time is in decaauts)
 A = Elapsed time spent in this place.
 B = Non-inter-level travel time spent in this place.
 C = Inter-level travel time spent in this place.
 D = Time resting spent in this place.
 E = Time spent auto-exploring this place.
 F = Levels seen in this place.
 G = Mean time per level.
                   A        B        C        D        E       F      G
               +--------+--------+--------+--------+--------+-----+--------+
         Total |  14452 |  13954 |    498 |   3160 |   6142 |  16 |  903.2 |
       Dungeon |  14077 |  13579 |    498 |   3160 |   6043 |  13 | 1082.8 |
        Temple |      1 |      1 |      0 |      0 |      0 |   1 |    1.0 |
        Bazaar |    149 |    149 |      0 |      0 |      0 |   1 |  149.0 |
         Sewer |    223 |    223 |      0 |      0 |     99 |   1 |  223.0 |
               +--------+--------+--------+--------+--------+-----+--------+

Top non-repeatable levels by time:
     D:9: 2018 daAuts
    D:10: 1694 daAuts
     D:3: 1454 daAuts
     D:4: 1312 daAuts
     D:5: 1270 daAuts
     D:7: 1158 daAuts
     D:6: 1090 daAuts
    D:12: 1058 daAuts
     D:8: 1015 daAuts
     D:2: 960 daAuts
     D:1: 729 daAuts
    D:11: 241 daAuts
   Sewer: 223 daAuts
  Bazaar: 149 daAuts
    D:13: 72 daAuts
